 Dungeon Crawl Stone Soup version 0.19.5 (webtiles) character file.

72 Erymatos the Cudgeler (level 4, -2/61 HPs)
             Began as a Minotaur Berserker on Oct 18, 2017.
             Was a Believer of Trog.
             Slain by a gnoll
             ... wielding a +0 spear
              (6 damage)
             ... on level 2 of the Dungeon.
             The game lasted 00:01:36 (1128 turns).

Erymatos the Cudgeler (Minotaur Berserker)          Turns: 1128, Time: 00:01:37

Health: -2/61      AC:  2    Str: 27    XL:     4   Next: 6%
Magic:  3/3        EV: 12    Int:  4    God:    Trog [**....]
Gold:   95         SH:  0    Dex: 10    Spells: 0 memorised, 3 levels left

rFire  . . .     SeeInvis .     a - +0 mace
rCold  . . .     Gourm    .     b - +0 animal skin
rNeg   . . .     Faith    .     (no shield)
rPois  .         Spirit   .     (helmet restricted)
rElec  .         Reflect  .     (no cloak)
rCorr  .         Harm     .     (no gloves)
MR     .....                    (no boots)
Stlth  ..........               (no amulet)
                                (no ring)
                                (no ring)

@: berserking, very quick
A: retaliatory headbutt, horns 2
a: Berserk, Trog's Hand, Burn Spellbooks, Renounce Religion


You were on level 2 of the Dungeon.
You worshipped Trog.
Trog was pleased with you.
You were very hungry.

You visited 1 branch of the dungeon, and saw 2 of its levels.

You collected 95 gold pieces.

Inventory:

Hand Weapons
 a - a +0 mace (weapon)
Armour
 b - a +0 animal skin (worn)
Scrolls
 d - 6 scrolls of identify {unknown}
 e - a scroll of recharging {unknown}
 i - 2 scrolls of amnesia {unknown}
 j - a scroll of fear {unknown}
 n - a scroll of random uselessness {unknown}
Potions
 g - 2 potions of might {unknown}
 k - a potion of mutation {unknown}
 l - a potion of ambrosia {unknown}
 m - a potion of invisibility {unknown}
Comestibles
 c - a bread ration
 f - 2 fruits
 h - a meat ration


   Skills:
 + Level 4.6 Fighting
 + Level 4.8 Maces & Flails
 + Level 2.6 Armour
 + Level 2.6 Dodging


You had 3 spell levels left.
You didn't know any spells.

Dungeon Overview and Level Annotations

Branches:
Dungeon (2/15)

Altars:
Gozag
Kikubaaqudgha


Innate Abilities, Weirdness & Mutations

You reflexively headbutt those who attack you in melee.
You have a pair of horns on your head.


Message History

Unknown command.
You are too injured to fight recklessly!
You are too injured to fight recklessly!
Unknown command.
You are too injured to fight recklessly!
Unknown command.
You are too injured to fight recklessly!
You are too injured to fight recklessly!
You hit the gnoll. You headbutt the gnoll!
You kill the gnoll!
Trog accepts your kill.
You have reached level 4!
You feel agile.
The gnoll hits you from afar with a spear.
* * * LOW HITPOINT WARNING * * *
Unknown command.
You hit the gnoll.
The gnoll is lightly wounded.
The gnoll hits you with a spear.
You die...

#.######.................#
.........................
.##......<...............
.....................)...
.........†.........<.....
#...........#..####.÷#..#
......%..##.#..# ##÷#..#
...............# #....#
......[@.####$# ##...#
.......g## .. ..##
........# . #.# ..#.##..#
>. . #. ...# ... . ..... #
#####


You could see a gnoll.

Vanquished Creatures
  2 gnolls (D:2)
  An adder (D:2)
  A dart slug (D:2)
  2 leopard geckos
  4 bats
  A giant cockroach (D:1)
  5 goblins
  5 hobgoblins
  3 jackals (D:2)
  2 quokkas (D:2)
  A frilled lizard (D:2)
  5 kobolds
  3 rats
35 creatures vanquished.

Notes
Turn   | Place    | Note
-------+----------+-------------------------------------------
     0 | D:1      | Erymatos the Minotaur Berserker began the quest for the Orb.
     0 | D:1      | Reached XP level 1. HP: 19/19 MP: 0/0
   228 | D:1      | Reached XP level 2. HP: 23/27 MP: 1/1
   529 | D:2      | Reached XP level 3. HP: 5/33 MP: 2/2
   840 | D:2      | Reached ** piety under Trog
   868 | D:2      | Found an opulent altar of Gozag.
   905 | D:2      | Found an ancient bone altar of Kikubaaqudgha.
  1126 | D:2      | Reached XP level 4. HP: 7/41 MP: 3/3
  1126 | D:2      | HP: 3/61 [gnoll/spear (4)]
  1128 | D:2      | Slain by a gnoll

Skill      XL: |  1  2 |
---------------+-------+-----
Maces & Flails | 4 |  4.8
Fighting       | 4 |  4.6
Armour         | |  2.6
Dodging        | |  2.6

Action                   |  1- 3 |  4- 6 || total
-------------------------+-------+-------++-------
Melee: Mace              |    66 |     1 ||    67
       Headbutt          |     9 |       ||     9
Invok: Berserk           |     2 |       ||     2
 Stab: Sleeping          |     1 |       ||     1
  Eat: Chunk             |     1 |       ||     1
Armor: Animal skin       |    16 |       ||    16
Dodge: Dodged            |    66 |       ||    66
